 Dungeon Crawl Stone Soup version 0.28.0-49-g6dfe1f597d (webtiles) character file.

Game seed: 14247874555279675751

754 Exodus22XD the Chopper (level 7, -1/60 HPs)
             Began as a Minotaur Fighter on May 14, 2022.
             Was an Elder of Cheibriados.
             Slain by a river rat (6 damage)
             ... summoned by Eustachio
             ... on level 5 of the Dungeon.
             The game lasted 00:07:31 (3622 turns).

Exodus22XD the Chopper (Minotaur Fighter)           Turns: 3622, Time: 00:07:34

Health: -1/60      AC: 10    Str: 31      XL:     7   Next: 49%
Magic:  8/8        EV: 10    Int: 14      God:    Cheibriados [****..]
Gold:   236        SH:  6    Dex: 22 (25) Spells: 6/6 levels left

rFire   . . .      SeeInvis .   a - +0 war axe
rCold   . . .      Faith    .   c - +0 buckler
rNeg    . . .      Spirit   .   i - +4 ring mail {rPois}
rPois   +          Reflect  .   (helmet restricted)
rElec   .          Harm     .   (no cloak)
rCorr   .          Rampage  .   (no gloves)
Will    .....                   (no boots)
Stlth   +.........              (no amulet)
HPRegen 0.20/turn               u - +6 ring of dexterity
MPRegen 0.11/turn               (no ring)

@: very slow
A: horns 2, retaliatory headbutt
a: Renounce Religion, Bend Time, Temporal Distortion, Slouch


You were on level 5 of the Dungeon.
You worshipped Cheibriados.
Cheibriados was greatly pleased with you.
You visited 1 branch of the dungeon, and saw 5 of its levels.

You collected 236 gold pieces.

Inventory:

Hand Weapons
 a - a +0 war axe (weapon)
 m - a +2 hand axe of venom
 r - a +1 flail of holy wrath
 y - the +4 hand crossbow "Rekhasm" {penet, rC+ rN+ Str-2 Int+2}
   (You found it on level 5 of the Dungeon)

   Any ammunition fired by it passes through the targets it hits, potentially
   hitting all targets in its path until it reaches maximum range.
   Str:       It affects your strength (-2).
   Int:       It affects your intelligence (+2).
   rC:        It protects you from cold.
   rN:        It protects you from negative energy.
 A - a +2 vorpal flail
Armour
 b - a +0 scale mail
 c - a +0 buckler (worn)
 i - a +4 ring mail of poison resistance (worn)
Jewellery
 u - a +6 ring of dexterity (left hand)
Wands
 s - a wand of flame (16)
 v - a wand of polymorph (10)
Scrolls
 e - 3 scrolls of fog {unknown}
 f - 2 scrolls of enchant weapon {unknown}
 j - 2 scrolls of blinking {unknown}
 l - 2 scrolls of holy word {unknown}
 n - 4 scrolls of identify {unknown}
 o - a scroll of noise {unknown}
 p - 2 scrolls of teleportation {unknown}
Potions
 d - a potion of might
 g - 3 potions of brilliance {unknown}
 h - a potion of heal wounds {unknown}
 k - a potion of haste
 q - a potion of curing {unknown}
 t - a potion of berserk rage {unknown}
 x - a potion of flight {unknown}
 z - a potion of ambrosia {unknown}
Miscellaneous
 w - a condenser vane


   Skills:
 + Level 4.9 Fighting
 + Level 6.7 Axes
 + Level 6.0 Armour
 + Level 4.6 Shields
 * Level 3.1 Invocations


You had 6 spell levels left.
You didn't know any spells.
Your spell library was empty.

Dungeon Overview and Level Annotations

Branches:
Dungeon (5/15)
 Temple: D:4-7

Altars:
Cheibriados
Nemelex Xobeh

Annotations:
D:4 Natasha
D:5 Eustachio


Innate Abilities, Weirdness & Mutations

You have a pair of horns on your head.
You reflexively headbutt those who attack you in melee.


Message History

The quasit claws you but does no damage. x2
The bat hits you but does no damage. Eustachio hits you but does no damage.
You block the quasit's attack. x2
The quasit claws you but does no damage.
You hit Eustachio but do no damage. Your headbutt misses Eustachio.
Eustachio is heavily wounded.
You hit the bat but do no damage. You closely miss the quasit.
The bat hits you but does no damage. You block the bat's attack.
The bat barely misses you. You block the quasit's attack. x2
The quasit claws you. Eustachio hits you with a +0 rapier!
* * * LOW HITPOINT WARNING * * *
The bat closely misses you.
You closely miss Eustachio. Your headbutt misses Eustachio.
Eustachio is heavily wounded.
You hit the bat.
You kill the bat!
The bat's corpse disappears in a puff of smoke!
You hit the quasit but do no damage. The quasit closely misses you. x2
The quasit misses you. You block the bat's attack.
Eustachio hits you with a +0 rapier.
* * * LOW HITPOINT WARNING * * *
The quasit bites you but does no damage.
The quasit barely misses you. You block the quasit's attack.
You barely miss Eustachio. You headbutt Eustachio.
Eustachio is severely wounded.
You barely miss the quasit. You closely miss the bat.
You block the bat's attack. The bat hits you but does no damage. x2
The quasit barely misses you. You furiously retaliate!
You headbutt the quasit!
You kill the quasit!
The quasit disappears in a puff of smoke!
Eustachio hits you with a +0 rapier.
* * * LOW HITPOINT WARNING * * *
Okay, then.
You slash Eustachio!
You headbutt Eustachio, but do no damage.
Eustachio is almost dead.
You closely miss the bat. You hit the river rat. The bat misses you.
Eustachio gestures wildly while chanting.
The river rat bites you.
You die...

.##....... ... ......
......... .###.. #....##
........ ..)...
#.....####..#....
.....##......##..##..†.
....#...........#..##
#.§b........#.......
##.r@........#...#.#.
.#...@.b.........####.
..................## #.
...##.##................
. #.. ##..........##.#.
#.. ##.........####.
#... #...#.....# ....
....##..#.... ##..
..#...##.......
.##...##.......


You could see Eustachio, a river rat (summoned) and 2 bats.

Vanquished Creatures
  Grinder (D:3)
  An ice beast (D:5)
  A centaur (D:4)
  An orc priest (D:5)
  A hound (D:5)
  A jelly (D:5)
  A scorpion zombie (D:5)
  Jessica (D:2)
  Ijyb (D:3)
  Natasha (D:4)
  An iguana (D:3)
  An orc wizard (D:4)
  A hound skeleton (D:4)
  5 adders
  2 worms
  2 dart slugs
  8 orcs
  3 bats
  7 endoplasms
  2 giant cockroaches
  12 goblins
  5 hobgoblins
  2 jackals (D:1)
  5 quokkas
  11 ball pythons
  2 frilled lizards
  14 kobolds
  6 rats
99 creatures vanquished.

Vanquished Creatures (others)
  3 plants (D:1)
3 creatures vanquished.

Grand Total: 102 creatures vanquished

Notes
Turn   | Place    | Note
-------+----------+-------------------------------------------
     0 | D:1      | Exodus22XD the Minotaur Fighter began the quest for the
                  | Orb.
     0 | D:1      | Reached XP level 1. HP: 19/19 MP: 0/0
   211 | D:1      | Reached XP level 2. HP: 27/27 MP: 1/1
  1061 | D:1      | Found a faded altar of an unknown god.
  1069 | D:1      | Prayed at the altar of an unknown god.
  1069 | D:1      | Became a worshipper of Cheibriados the Contemplative
  1069 | D:1      | Reached * piety under Cheibriados
  1113 | D:2      | Noticed Jessica
  1117 | D:2      | Reached XP level 3. HP: 33/33 MP: 2/2
  1127 | D:2      | Killed Jessica
  1316 | D:2      | Reached XP level 4. HP: 39/40 MP: 3/3
  1438 | D:2      | Reached ** piety under Cheibriados
  1628 | D:2      | Reached skill level 1 in Invocations
  2062 | D:3      | Noticed Ijyb
  2070 | D:3      | Killed Ijyb
  2071 | D:3      | Reached XP level 5. HP: 40/46 MP: 4/4
  2223 | D:3      | Reached skill level 5 in Armour
  2422 | D:3      | Noticed Grinder
  2431 | D:3      | Paralysed by Grinder for 7 turns
  2438 | D:3      | Killed Grinder
  2439 | D:3      | Reached skill level 5 in Axes
  2439 | D:3      | Reached XP level 6. HP: 34/53 MP: 6/6
  2721 | D:4      | Reached *** piety under Cheibriados
  2731 | D:4      | Found a sparkling altar of Nemelex Xobeh.
  3375 | D:4      | Noticed Natasha
  3378 | D:4      | Killed Natasha
  3379 | D:4      | Reached XP level 7. HP: 60/60 MP: 7/7
  3413 | D:4      | Noticed Natasha
  3453 | D:5      | Entered Level 5 of the Dungeon
  3459 | D:5      | Identified the +4 hand crossbow "Rekhasm" {penet, rC+ rN+
                  | Str-2 Int+2}
  3598 | D:5      | Noticed Eustachio
  3611 | D:5      | Reached **** piety under Cheibriados
  3622 | D:5      | Slain by a river rat

Illustrated notes

Levels and vault maps discovered:
D:1:      tarquinn_simple_flora_water_b, layout_loops_corners,
          shapermc_ecumenical_altar_mp_urbaneastern
D:2:      kennysheep_the_goblin_king, layout_rooms, serial_rivers,
          chequers_serial_rivers_micro_d, chequers_serial_rivers_micro_e,
          chequers_serial_rivers_micro_d, chequers_serial_rivers_micro_c,
          chequers_serial_rivers_large_a, minmay_domino_2, uniq_jessica
D:3:      layout_loops_ring, minmay_checkerbox, uniq_ijyb, uniq_grinder
D:4:      layout_gridville, nemelex_spade_bored_becter, uniq_natasha
D:5:      layout_cave_pools, lemuel_round_altar,
          minmay_temple_entry_stoned_glass, serial_column_ruins,
          column_ruins_temple_hut, column_ruins_columns_corner,
          column_ruins_grid_1, column_ruins_columns_corner, column_ruins_grid_4,
          uniq_eustachio, uniq_sigmund

Skill      XL: |  1  2  3  4  5  6  7 |
---------------+----------------------+-----
Fighting       | 4 |  4.9
Armour         | 4 5 6 |  6.0
Shields        | 4 |  4.6
Axes           | 3 4 5 6 |  6.7
Invocations    | 1 2 3 |  3.1

Action                   |  1- 3 |  4- 6 |  7- 9 || total
-------------------------+-------+-------+-------++-------
Melee: War axe           |    71 |    95 |    36 ||   202
       Headbutt          |    11 |    10 |     7 ||    28
Armor: Scale mail        |    25 |       |       ||    25
       Ring mail         |     6 |    58 |    39 ||   103
Dodge: Dodged            |    29 |    45 |    46 ||   120
Block: Buckler           |    14 |    27 |    27 ||    68
